[Event "Wednesday Jan 17th Engine Tour 9Rd Swiss 12m+1s Starts at 1600hrs ST"]
[Site "Infinity Chess"]
[Date "2018.1.17"]
[Round "8"]
[White "CrapCleaner"]
[Black "avilllaa"]
[Result "1-0"]
[ECO "B90"]
[WhiteElo "2410"]
[BlackElo "2452"]
[WhiteEngine "Raubfisch ME262_GTZ16b3._CTG"]
[BlackEngine "Cryptic AIL V1"]
[EventType "Swiss"]
[WhiteTeam ""]
[BlackTeam ""]
[PlyCount "279"]
[TimeControl "720+1"]

1. e4 c5 2. Nf3 d6 3. d4 cxd4 4. Nxd4 Nf6 5. Nc3 a6 6. h3 e5 7. Nde2 b5 
8. Ng3 Nbd7 9. a4 b4 10. Nd5 Bb7 11. Nxb4 Nxe4 12. Nxe4 Bxe4 13. a5 Qc8 
14. c3 Bb7 15. Qb3 Be7 16. Bc4 O-O 17. O-O Nf6 18. Be3 Qf5 19. Rfd1 Qg6 
20. Bd5 Bxd5 21. Nxd5 Nxd5 22. Rxd5 Rfb8 23. Bb6 Qe4 24. Qd1 Rc8 25. Rc1 Rc6 
26. b3 h6 27. c4 Kh7 28. Rc3 Rac8 29. Re3 Qg6 30. Re1 Qf5 31. Qe2 Kg8 
32. Rf1 Qe6 33. Rfd1 g6 34. Qe4 h5 35. Qe3 Qf6 36. Qd2 Bf8 37. Rf1 Qe6 
38. Qe2 Rb8 39. Qa2 Rbc8 40. Qd2 Re8 41. Qe2 Rb8 42. Re1 Rbc8 43. Qd1 Be7 
44. Qd2 Re8 45. Qe3 Qf5 46. Qe2 Qe6 47. Qb2 Bf8 48. Red1 Rec8 49. Qd2 Be7 
50. Qh6 Bf8 51. Qe3 Qf5 52. Re1 Re8 53. Qe2 Qe6 54. Red1 Rec8 55. Qd3 Be7 
56. Qf3 Bf8 57. Qe3 Qf5 58. Kh2 Qf6 59. Qe2 Qe6 60. Kg1 Be7 61. Qe1 Re8 
62. Kh2 Rec8 63. Qe4 Bf8 64. Qe3 Be7 65. Qe1 Qf6 66. Qe3 Bf8 67. Kh1 Qe6 
68. Re1 Bg7 69. Kh2 Bf8 70. Qd3 Re8 71. Rd1 Qc8 72. Kg1 Kg7 73. Qe2 Qe6 
74. R5d3 Rec8 75. Rd5 Kg8 76. Qf3 Re8 77. Qe4 Kg7 78. Kh2 Be7 79. Qd3 Bf8 
80. Qe3 Qf6 81. Kg1 Qe6 82. Qe2 Qc8 83. Kh1 Qe6 84. b4 Qc8 85. Rc1 Qe6 
86. Rcd1 Qc8 87. Rc1 Qe6 88. b5 axb5 89. Rxb5 Kg8 90. a6 Ra8 91. a7 Rxb6 
92. Rxb6 Qd7 93. c5 dxc5 94. Qa2 Qxa7 95. Rxg6+ Kh7 96. Qxa7 Rxa7 97. Rf6 h4 
98. Rc4 Kg7 99. Rc6 Be7 100. Rg4+ Kh7 101. Kh2 Rd7 102. g3 hxg3+ 103. Kxg3 Rd3+ 
104. Kg2 Bd6 105. Ra4 Kg7 106. h4 Rd5 107. Kf3 Bb8 108. Rc8 Bd6 109. Rc6 c4 
110. Raxc4 Rd3+ 111. Ke2 Rd5 112. Rg4+ Kh7 113. Ra4 Kg7 114. h5 Bc5 
115. Ra5 Rd2+ 116. Kxd2 Bb4+ 117. Ke2 Bxa5 118. Rc5 Bb4 119. Rxe5 Bc3 
120. Rf5 Kh6 121. Kf3 Ba1 122. Kg4 Kg7 123. f4 Bd4 124. Rd5 Bf2 125. Rd7 Kf6 
126. Rd6+ Ke7 127. Ra6 Kf8 128. h6 Be1 129. Ra8+ Ke7 130. f5 Bf2 131. f6+ Kxf6 
132. h7 Ke6 133. h8=Q f5+ 134. Kf4 Bg3+ 135. Kxg3 Kd5 136. Rc8 Ke6 137. Rd8 f4+ 
138. Kxf4 Ke7 139. Kf5 Kf7 140. Qf8# 1-0

[Event "Wednesday Jan 17th Engine Tour 9Rd Swiss 12m+1s Starts at 1600hrs ST"]
[Site "Infinity Chess"]
[Date "2018.1.17"]
[Round "8"]
[White "angriff"]
[Black "Satria_Ungu"]
[Result "1/2-1/2"]
[ECO "C55"]
[WhiteElo "2478"]
[BlackElo "2367"]
[WhiteEngine "Raubfisch ME262_GTZ16b2_CTG"]
[BlackEngine "Houdini 6_CTG"]
[EventType "Swiss"]
[WhiteTeam ""]
[BlackTeam ""]
[PlyCount "137"]
[TimeControl "720+1"]

1. e4 e5 2. Nf3 Nc6 3. Bc4 Nf6 4. d3 Bc5 5. O-O h6 6. c3 d6 7. b4 Bb6 8. a4 a5 
9. b5 Ne7 10. Nbd2 Ng6 11. d4 O-O 12. Re1 Re8 13. Qb3 Be6 14. Bxe6 Rxe6 
15. d5 Re8 16. Nc4 Bc5 17. Qc2 c6 18. dxc6 bxc6 19. Be3 Bxe3 20. Rxe3 Rb8 
21. Rd1 Re6 22. bxc6 Rc8 23. Na3 Rxc6 24. g3 Nf8 25. Nd2 N8d7 26. Ndc4 h5 
27. h4 Ng4 28. Rf3 g6 29. Rfd3 Nc5 30. R3d2 g5 31. f3 Nh6 32. hxg5 Qxg5 
33. Rg2 Rg6 34. Nb5 Nb7 35. Nb2 Qf6 36. Qe2 Qe6 37. Nd3 Qc4 38. Qc2 Rc8 
39. Rh2 Rxg3+ 40. Kf2 Rg6 41. Rxh5 Kg7 42. Rh2 f5 43. Rg1 fxe4 44. Rxg6+ Kxg6 
45. Nb2 Qc5+ 46. Kf1 Qe3 47. Rg2+ Kf6 48. fxe4 Qh3 49. Qf2+ Ke7 50. Kg1 Rg8 
51. Nc4 Rg4 52. Rxg4 Qxg4+ 53. Qg2 Qxg2+ 54. Kxg2 Nf7 55. Kf3 Ng5+ 56. Ke3 Kd7 
57. Kd3 Ne6 58. Ke3 Kc6 59. Nba3 Nf8 60. Nb1 Nd7 61. Nbd2 Ndc5 62. Nb2 Kb6 
63. Ke2 Kc7 64. Kf3 Nd8 65. Ndc4 Ndb7 66. Nd2 Kc6 67. Ke3 Kd7 68. Ndc4 Kc6 
69. Nd2 1/2-1/2

[Event "Wednesday Jan 17th Engine Tour 9Rd Swiss 12m+1s Starts at 1600hrs ST"]
[Site "Infinity Chess"]
[Date "2018.1.17"]
[Round "8"]
[White "ivrdurant"]
[Black "BraveDevil"]
[Result "1/2-1/2"]
[ECO "B90"]
[WhiteElo "2401"]
[BlackElo "2376"]
[WhiteEngine "Raubfisch X37b3._CTG"]
[BlackEngine "Cryptic AIL V1"]
[EventType "Swiss"]
[WhiteTeam ""]
[BlackTeam ""]
[PlyCount "126"]
[TimeControl "720+1"]

1. e4 c5 2. Nf3 d6 3. d4 cxd4 4. Nxd4 Nf6 5. Nc3 a6 6. Be3 e5 7. Nb3 Be7 
8. Be2 O-O 9. g4 a5 10. g5 Ne8 11. h4 Nc7 12. Nd2 b5 13. Bb6 Nd7 14. Bxc7 Qxc7 
15. Bxb5 Nb6 16. Nc4 Nxc4 17. Nd5 Qc5 18. Bxc4 Qxc4 19. Qd3 Qxd3 20. Nxe7+ Kh8 
21. cxd3 Be6 22. Ke2 f6 23. b3 Ra7 24. Nd5 Raf7 25. gxf6 gxf6 26. Ne3 f5 
27. exf5 Bxf5 28. f3 Be6 29. Rhf1 a4 30. Nc4 Rf6 31. Ke3 Bd5 32. Nb6 Rxf3+ 
33. Rxf3 Rxf3+ 34. Kd2 e4 35. dxe4 Bxe4 36. Nxa4 Rd3+ 37. Ke2 Rh3 38. Nb2 Kg7 
39. Nc4 d5 40. Nd6 Bd3+ 41. Kf2 Kf6 42. a4 Ke5 43. Nb7 Be4 44. Nc5 Kf4 
45. Ne6+ Ke5 46. Ng5 Rxb3 47. Nxe4 Kxe4 48. a5 Rb7 49. a6 Ra7 50. h5 Kd4 
51. Kf3 Kc4 52. h6 d4 53. Ra5 d3 54. Ke3 Kb4 55. Ra1 Kc4 56. Kd2 Kb5 
57. Rb1+ Kc4 58. Rb6 Ra8 59. Rf6 Kb5 60. Kxd3 Rxa6 61. Rxa6 Kxa6 62. Ke3 Kb5 
63. Kf3 Kc6 1/2-1/2

[Event "Wednesday Jan 17th Engine Tour 9Rd Swiss 12m+1s Starts at 1600hrs ST"]
[Site "Infinity Chess"]
[Date "2018.1.17"]
[Round "8"]
[White "marudam"]
[Black "MarioDeMonti"]
[Result "1/2-1/2"]
[ECO "E10"]
[WhiteElo "2445"]
[BlackElo "2435"]
[WhiteEngine "stockfish291217_CTG"]
[BlackEngine "stockfish_x64_bmi2_2018_01_13_CTG"]
[EventType "Swiss"]
[WhiteTeam ""]
[BlackTeam ""]
[PlyCount "160"]
[TimeControl "720+1"]

1. d4 Nf6 2. c4 e6 3. Nf3 d5 4. Nc3 c6 5. e3 Nbd7 6. Qc2 Bd6 7. Bd3 O-O 
8. O-O dxc4 9. Bxc4 b5 10. Bd3 Bb7 11. a3 h6 12. e4 e5 13. h3 Re8 14. Be3 Qc7 
15. Nxe5 Nxe5 16. dxe5 Bxe5 17. Rae1 a6 18. f4 Bxc3 19. bxc3 c5 20. e5 Nd5 
21. Qf2 Nxe3 22. Rxe3 Rad8 23. Rfe1 c4 24. Bc2 Rd5 25. Kh2 Bc8 26. a4 bxa4 
27. Bxa4 Bd7 28. Bc2 a5 29. Be4 Rb5 30. Rd1 Kh8 31. Rd4 a4 32. Qd2 Bc8 
33. Qa2 Ra5 34. Rxc4 Qa7 35. Rd4 a3 36. Red3 Qe7 37. Rd6 Rg8 38. c4 Rxe5 
39. fxe5 Qxe5+ 40. Kg1 Qxe4 41. Qa1 Be6 42. R6d4 Qe2 43. Rxa3 Bxc4 44. Rh4 Qe6 
45. Qd4 Bd5 46. Ra5 Bb3 47. Kh2 Kh7 48. Qd3+ Kh8 49. Rb5 Qf6 50. Qd4 Qxd4 
51. Rxd4 Be6 52. Rdb4 g5 53. Rb8 Rxb8 54. Rxb8+ Kg7 55. g3 Bf5 56. Rb6 Be6 
57. Rb2 Bd5 58. Rb4 Kf6 59. Rb6+ Kg7 60. Rb5 Be4 61. Ra5 Bc2 62. Rc5 Bg6 
63. Rc7 Be4 64. Rc4 Bf5 65. Rc1 f6 66. Rh1 Be4 67. Rg1 Bd5 68. Rd1 Bf3 
69. Rd6 Be4 70. Rb6 f5 71. h4 gxh4 72. gxh4 f4 73. Kg1 Bd3 74. Rd6 Be4 
75. Rb6 Bf3 76. Kh2 Bg4 77. h5 Bxh5 78. Rb1 Be2 79. Ra1 f3 80. Rg1+ Kh8 1/2-1/2

[Event "Wednesday Jan 17th Engine Tour 9Rd Swiss 12m+1s Starts at 1600hrs ST"]
[Site "Infinity Chess"]
[Date "2018.1.17"]
[Round "8"]
[White "ocirema"]
[Black "incredible"]
[Result "1/2-1/2"]
[ECO "B28"]
[WhiteElo "2420"]
[BlackElo "2447"]
[WhiteEngine "stockfish_18011309_x64_modern_CTG"]
[BlackEngine "Stockfish_x64_bmi2"]
[EventType "Swiss"]
[WhiteTeam ""]
[BlackTeam ""]
[PlyCount "136"]
[TimeControl "720+1"]

1. e4 c5 2. Nf3 a6 3. c4 e6 4. Nc3 Nc6 5. d4 cxd4 6. Nxd4 Bb4 7. Be2 Nf6 
8. Nxc6 bxc6 9. O-O d6 10. Qc2 O-O 11. Na4 d5 12. e5 Nd7 13. Bf4 Be7 14. Rac1 a5 
15. Bd3 g6 16. cxd5 cxd5 17. Qe2 Nb6 18. Nc5 Nd7 19. Na4 Nb6 20. Nc3 Nd7 
21. b3 Nc5 22. Bb5 Bd7 23. Be3 Rb8 24. Rfd1 Rb7 25. g3 Re8 26. Bxc5 Bxc5 
27. Bxd7 Rxd7 28. Rc2 Rf8 29. Nb5 Qb6 30. a4 d4 31. Rd3 Rd5 32. Qe4 Re8 
33. g4 Qb8 34. f4 Rc8 35. Kg2 Kg7 36. h4 Rg8 37. Kf1 h6 38. Rh2 Kh8 39. h5 g5 
40. Re2 Qd8 41. f5 exf5 42. Qxf5 Re8 43. Qf6+ Kg8 44. Qxd8 Rdxd8 45. Re4 Kh7 
46. Ke2 Rd5 47. Kf3 Rexe5 48. Rxe5 Rxe5 49. Nxd4 Bxd4 50. Rxd4 Kg7 51. b4 axb4 
52. Rxb4 f5 53. Rb7+ Kg8 54. Ra7 Kf8 55. a5 fxg4+ 56. Kxg4 Rc5 57. a6 Ra5 
58. Kg3 Ra4 59. Kf2 Rf4+ 60. Ke3 Ra4 61. Kd3 Ra3+ 62. Kd4 g4 63. Kd5 g3 
64. Ke5 g2 65. Ra8+ Ke7 66. Ra7+ Kf8 67. Ra8+ Ke7 68. Ra7+ Kf8 1/2-1/2

[Event "Wednesday Jan 17th Engine Tour 9Rd Swiss 12m+1s Starts at 1600hrs ST"]
[Site "Infinity Chess"]
[Date "2018.1.17"]
[Round "8"]
[White "Cepri"]
[Black "RonWeasley"]
[Result "1/2-1/2"]
[ECO "A46"]
[WhiteElo "2442"]
[BlackElo "2454"]
[WhiteEngine "asmFishW_12J18Mb_CTG"]
[BlackEngine "BrainFish 130117_CTG"]
[EventType "Swiss"]
[WhiteTeam ""]
[BlackTeam ""]
[PlyCount "121"]
[TimeControl "720+1"]

1. d4 Nf6 2. Nf3 d5 3. c4 e6 4. Nc3 c6 5. e3 Nbd7 6. Qc2 Bd6 7. Bd3 dxc4 
8. Bxc4 O-O 9. O-O a6 10. Rd1 b5 11. Bd3 Qc7 12. Bd2 c5 13. Ne4 c4 14. Nxd6 Qxd6 
15. Be2 Bb7 16. b3 Bd5 17. Be1 Rfc8 18. Qb2 Ne4 19. Rdc1 f6 20. Ba5 f5 
21. Ne1 Nef6 22. bxc4 Bxc4 23. Bd1 Ne4 24. Nf3 Rab8 25. Rc2 Rc6 26. h3 h6 
27. Rac1 Rbc8 28. Ne1 Nef6 29. a3 Bd5 30. Rxc6 Rxc6 31. Nd3 Rxc1 32. Qxc1 Kf7 
33. Be1 Bc4 34. Bb4 Qc6 35. Nb2 Bd5 36. Qxc6 Bxc6 37. Ba5 e5 38. Nd3 exd4 
39. exd4 Bd5 40. Nb4 Nb8 41. Bb6 Bb7 42. Bb3+ Ke8 43. Bc2 Be4 44. Bxe4 fxe4 
45. Bc7 Nc6 46. Nxa6 Nxd4 47. Be5 Ne6 48. Kf1 Nd5 49. Ke2 Nef4+ 50. Kd2 Nxg2 
51. Bxg7 h5 52. Nc5 e3+ 53. fxe3 Ngxe3 54. Kd3 Nc4 55. a4 Nf4+ 56. Kc3 bxa4 
57. Kxc4 Nxh3 58. Nxa4 Kf7 59. Be5 h4 60. Kd3 Nf2+ 61. Ke2 1/2-1/2

[Event "Wednesday Jan 17th Engine Tour 9Rd Swiss 12m+1s Starts at 1600hrs ST"]
[Site "Infinity Chess"]
[Date "2018.1.17"]
[Round "8"]
[White "KhalidOmar"]
[Black "Thinker"]
[Result "1/2-1/2"]
[ECO "C77"]
[WhiteElo "2457"]
[BlackElo "2449"]
[WhiteEngine "Eman 1.62 64-bit BMI2"]
[BlackEngine "BrainFish_180113_x64_modern_CTG"]
[EventType "Swiss"]
[WhiteTeam ""]
[BlackTeam ""]
[PlyCount "96"]
[TimeControl "720+1"]

1. e4 e5 2. Nf3 Nc6 3. Bb5 a6 4. Ba4 Nf6 5. O-O Be7 6. Re1 b5 7. Bb3 O-O 
8. h3 Bb7 9. d3 d5 10. exd5 Nxd5 11. Nxe5 Nd4 12. Nd2 c5 13. Ndf3 Nxb3 
14. axb3 Re8 15. Bd2 f6 16. Ng4 Qd7 17. d4 cxd4 18. Nxd4 Bc5 19. Nf3 Rxe1+ 
20. Nxe1 Rd8 21. Ba5 Re8 22. Nd3 Qc6 23. Nxc5 Qxc5 24. Qd2 b4 25. c3 bxc3 
26. bxc3 h5 27. Nh2 g5 28. Re1 Rxe1+ 29. Qxe1 Qxa5 30. Qe8+ Kh7 31. Qf7+ Kh6 
32. Qxb7 Nxc3 33. Qe7 Qe5 34. Qf8+ Kg6 35. Nf1 Ne2+ 36. Kh1 Qe6 37. Ne3 g4 
38. Qd8 Ng3+ 39. fxg3 Qxe3 40. hxg4 hxg4 41. Qg8+ Kf5 42. Qd5+ Kg6 43. b4 Qe1+ 
44. Kh2 Qxb4 45. Qg8+ Kf5 46. Qd5+ Kg6 47. Qg8+ Kf5 48. Qd5+ Kg6 1/2-1/2

[Event "Wednesday Jan 17th Engine Tour 9Rd Swiss 12m+1s Starts at 1600hrs ST"]
[Site "Infinity Chess"]
[Date "2018.1.17"]
[Round "8"]
[White "Gilgamesch"]
[Black "Ninja_Bp"]
[Result "1/2-1/2"]
[ECO "C58"]
[WhiteElo "2498"]
[BlackElo "2460"]
[WhiteEngine "BrainFish_171005_x64_bmi2"]
[BlackEngine "Houdini 6"]
[EventType "Swiss"]
[WhiteTeam ""]
[BlackTeam ""]
[PlyCount "128"]
[TimeControl "720+1"]

1. e4 e5 2. Nf3 Nc6 3. Bc4 Nf6 4. Ng5 d5 5. exd5 Na5 6. Bb5+ c6 7. dxc6 bxc6 
8. Bd3 Nd5 9. h4 Qc7 10. Nc3 h6 11. Nf3 Bd6 12. Ne4 O-O 13. Nxd6 Qxd6 14. O-O c5 
15. Nh2 Bb7 16. Re1 Rad8 17. Bf1 Nc6 18. d3 Rfe8 19. c3 Nce7 20. Ng4 Nf5 
21. h5 Bc6 22. Bd2 f6 23. Rc1 Kh8 24. Nh2 a5 25. Qg4 Bd7 26. Qe4 Nde7 
27. Rcd1 a4 28. Bc1 Qb6 29. a3 Nd6 30. Qf3 Be6 31. Bxh6 Bd5 32. Bxg7+ Kxg7 
33. h6+ Kf7 34. Qh5+ Kf8 35. Ng4 Nf7 36. Rd2 Bb3 37. Rde2 f5 38. h7 fxg4 
39. h8=Q+ Nxh8 40. Qxh8+ Ng8 41. Rxe5 Bf7 42. Rxe8+ Rxe8 43. Rxe8+ Kxe8 
44. d4 cxd4 45. Qxd4 Qxd4 46. cxd4 Ke7 47. Kh2 Nh6 48. Kg3 Bb3 49. Kf4 Bd1 
50. Bc4 Nf7 51. Bd3 Nd6 52. Ke5 Bb3 53. Be2 Nc4+ 54. Kf5 g3 55. Bxc4 Bxc4 
56. fxg3 Kd6 57. Ke4 Bf1 58. Ke3 Bxg2 59. Kd3 Bf1+ 60. Kc2 Be2 61. g4 Bxg4 
62. b3 axb3+ 63. Kxb3 Kd5 64. a4 Kxd4 1/2-1/2

[Event "Wednesday Jan 17th Engine Tour 9Rd Swiss 12m+1s Starts at 1600hrs ST"]
[Site "Infinity Chess"]
[Date "2018.1.17"]
[Round "8"]
[White "Eman"]
[Black "Dovahkiin"]
[Result "1/2-1/2"]
[ECO "B50"]
[WhiteElo "2471"]
[BlackElo "2431"]
[WhiteEngine "Eman 1.62 64-bit POPCNT"]
[BlackEngine "BrainFish_180113_x64_modern_CTG"]
[EventType "Swiss"]
[WhiteTeam ""]
[BlackTeam ""]
[PlyCount "178"]
[TimeControl "720+1"]

1. e4 c5 2. Nf3 d6 3. Nc3 Nf6 4. d4 cxd4 5. Nxd4 a6 6. Be3 e5 7. Nf3 Be7 
8. Bc4 O-O 9. O-O Be6 10. Bxe6 fxe6 11. Na4 Ng4 12. Qd3 Nxe3 13. Qxe3 b5 
14. Nb6 Ra7 15. Nd5 Rb7 16. Nxe7+ Qxe7 17. Rad1 Nd7 18. Ne1 Nf6 19. c3 a5 
20. Nd3 Qc7 21. f3 h6 22. Kh1 Qc4 23. Ra1 Qc6 24. Rfd1 Rc8 25. Qe1 Qe8 
26. Rd2 Qc6 27. h3 Kh7 28. Kh2 Qc7 29. Rad1 Kg8 30. Nf2 Rd8 31. a3 Qc6 
32. Ng4 Nxg4+ 33. hxg4 g5 34. Kh1 Qc5 35. Kh2 a4 36. Kg3 Kg7 37. Qf2 Qc7 
38. Qe2 Qb6 39. Qf2 Qc6 40. Qe3 Rf7 41. Re1 Qc7 42. Rb1 Rfd7 43. Kf2 Rf8 
44. Rd3 Rdd8 45. Rbd1 Rf7 46. R1d2 Rfd7 47. Re2 Kg6 48. Re1 Rh7 49. Red1 Rf7 
50. Qd2 Qc5+ 51. Kg3 Rfd7 52. Qe3 Qc7 53. R3d2 Kg7 54. Kf2 Rf7 55. Rh1 Rdf8 
56. Ke1 Rd8 57. Kf2 Rdd7 58. Rd3 Rd8 59. Re1 Rfd7 60. Rd2 Rf7 61. Rc1 Rdf8 
62. Rcd1 Rd7 63. Qd3 Qc6 64. Qe3 Kg6 65. Qe2 Kg7 66. Rh1 Qc4 67. Rdd1 d5 
68. exd5 Qxe2+ 69. Kxe2 exd5 70. Rd2 Re8 71. Kf2 Rc8 72. Ke3 Re8 73. Kf2 Rc8 
74. Ke2 d4 75. Re1 Re7 76. cxd4 exd4+ 77. Kd1 Rxe1+ 78. Kxe1 Rc4 79. Ke2 Kf6 
80. Kd3 Ke5 81. Rd1 Rc6 82. Rh1 Kf4 83. Re1 Kg3 84. Re2 Rd6 85. Rc2 Kf4 
86. Rd2 Rd5 87. Rc2 Rd6 88. Rc5 Kg3 89. Rc2 Kf4 1/2-1/2

[Event "Wednesday Jan 17th Engine Tour 9Rd Swiss 12m+1s Starts at 1600hrs ST"]
[Site "Infinity Chess"]
[Date "2018.1.17"]
[Round "8"]
[White "Marsell"]
[Black "Vimtiroba"]
[Result "1/2-1/2"]
[ECO "C53"]
[WhiteElo "2474"]
[BlackElo "2499"]
[WhiteEngine "asmFishW_2018-01-11_popcnt"]
[BlackEngine "SF@Infinity T1_CTG"]
[EventType "Swiss"]
[WhiteTeam ""]
[BlackTeam ""]
[PlyCount "82"]
[TimeControl "720+1"]

1. e4 e5 2. Nf3 Nc6 3. Bc4 Bc5 4. c3 Nf6 5. d3 d6 6. O-O a5 7. Bg5 Ba7 
8. Nbd2 h6 9. Bh4 O-O 10. Re1 g5 11. Bg3 Nh7 12. h3 g4 13. hxg4 Bxg4 14. Bd5 Ng5 
15. Qc2 Qf6 16. Nh4 Ne7 17. d4 exd4 18. e5 dxe5 19. Bxe5 Nh3+ 20. gxh3 Qxh4 
21. hxg4 Nxd5 22. Qf5 Ne7 23. Qf3 f5 24. gxf5 Rxf5 25. Bg3 Rxf3 26. Bxh4 Rf4 
27. Bxe7 dxc3 28. Ne4 cxb2 29. Rab1 Re8 30. Rxb2 Kf7 31. Rxb7 Rxe7 
32. Rxa7 Rexe4 33. Rxe4 Rxe4 34. Rxa5 Rg4+ 35. Kf1 Rc4 36. Ke2 c5 37. Kd3 Rf4 
38. Rxc5 Rxf2 39. a4 Ra2 40. a5 Ra4 41. Rc7+ Kg6 1/2-1/2

[Event "Wednesday Jan 17th Engine Tour 9Rd Swiss 12m+1s Starts at 1600hrs ST"]
[Site "Infinity Chess"]
[Date "2018.1.17"]
[Round "8"]
[White "hafaba"]
[Black "Harry_Potter"]
[Result "1/2-1/2"]
[ECO "E10"]
[WhiteElo "2479"]
[BlackElo "2463"]
[WhiteEngine "Stockfish SL 07012018 POPCNT_CTG"]
[BlackEngine "Stockfish_18011309_x64_bmi2_CTG"]
[EventType "Swiss"]
[WhiteTeam ""]
[BlackTeam ""]
[PlyCount "90"]
[TimeControl "720+1"]

1. d4 Nf6 2. c4 e6 3. Nf3 d5 4. Nc3 Be7 5. Bf4 O-O 6. e3 Nbd7 7. cxd5 Nxd5 
8. Nxd5 exd5 9. a3 c5 10. dxc5 Nxc5 11. Be2 Bf6 12. Be5 Bxe5 13. Nxe5 Be6 
14. Nf3 Qb6 15. b4 Ne4 16. Qd4 Rfc8 17. O-O Rc3 18. h3 Qc7 19. Bd3 h6 
20. Bxe4 Rc4 21. Qd1 dxe4 22. Nd4 Bd7 23. Rc1 Rxc1 24. Qxc1 Rc8 25. Qb1 Qe5 
26. Rc1 Rxc1+ 27. Qxc1 a6 28. Kh1 g6 29. Kg1 Kg7 30. Qc2 g5 31. Qd1 Kg6 
32. Qc2 h5 33. h4 gxh4 34. f4 Qd5 35. Qf2 h3 36. Qg3+ Kh6 37. gxh3 f6 
38. Kf1 Qc4+ 39. Kg1 Qc1+ 40. Kf2 Qxa3 41. Qg8 Qxb4 42. Qh8+ Kg6 43. Qg8+ Kh6 
44. Qh8+ Kg6 45. Qg8+ Kh6 1/2-1/2

[Event "Wednesday Jan 17th Engine Tour 9Rd Swiss 12m+1s Starts at 1600hrs ST"]
[Site "Infinity Chess"]
[Date "2018.1.17"]
[Round "7"]
[White "CrapCleaner"]
[Black "star99"]
[Result "1/2-1/2 "]
[ECO "B90"]
[WhiteElo "2410"]
[BlackElo "2406"]
[WhiteEngine "Raubfisch ME262_GTZ16b3._CTG"]
[BlackEngine "Cryptic AIL V1"]
[EventType "Swiss"]
[WhiteTeam ""]
[BlackTeam ""]
[PlyCount "165"]
[TimeControl "720+1"]

1. e4 c5 2. Nf3 d6 3. d4 cxd4 4. Nxd4 Nf6 5. Nc3 a6 6. Be3 e5 7. Nb3 Be7 
8. Be2 O-O 9. O-O Be6 10. Qd3 Nc6 11. a3 Rc8 12. Nd5 Nd7 13. Qd2 h6 14. Rad1 Bg5 
15. Bxg5 Qxg5 16. Qxg5 hxg5 17. h3 g6 18. Rd2 Kg7 19. Rfd1 Rfd8 20. Bg4 f5 
21. Bf3 Kf7 22. Ne3 f4 23. Nd5 a5 24. a4 Nd4 25. Nxd4 exd4 26. Rxd4 Rxc2 
27. h4 gxh4 28. Nxf4 Ne5 29. Rxd6 Rxd6 30. Rxd6 Rc1+ 31. Kh2 Bg4 32. Nd3 Nxd3 
33. Rxd3 Be6 34. Bd1 Rc4 35. Rf3+ Ke7 36. Rb3 Rxe4 37. Rxb7+ Kf6 38. Rb6 Kf7 
39. b3 Rd4 40. Bc2 g5 41. Bh7 Ke7 42. Ra6 Bxb3 43. Rxa5 g4 44. Rh5 g3+ 
45. fxg3 hxg3+ 46. Kxg3 Rxa4 47. Rb5 Bc4 48. Rb7+ Kd6 49. Be4 Be6 50. Bf3 Ke5 
51. Bd1 Re4 52. Rb5+ Kf6 53. Rb6 Kg5 54. Bf3 Re5 55. Ra6 Bf5 56. Ra4 Rb5 
57. Bd1 Be6 58. Be2 Rb2 59. Bf3 Rb5 60. Be2 Rb2 61. Bf3 Rb3 62. Kh2 Rb2 
63. Ra5+ Kf4 64. Ra4+ Kg5 65. Ra8 Kf4 66. Ra5 Rb3 67. Rh5 Bf5 68. Bd5 Rd3 
69. Bb7 Bg4 70. Rb5 Bd7 71. Rb4+ Kg5 72. Bf3 Bf5 73. Be2 Re3 74. Bf3 Bd7 
75. Rb8 Kf4 76. Ra8 Rb3 77. Rf8+ Bf5 78. Rh8 Be6 79. Rh7 Kg5 80. Rg7+ Kh6 
81. Ra7 Kg5 82. Ra6 Bd7 83. Kg1 1/2-1/2

[Event "Wednesday Jan 17th Engine Tour 9Rd Swiss 12m+1s Starts at 1600hrs ST"]
[Site "Infinity Chess"]
[Date "2018.1.17"]
[Round "7"]
[White "avilllaa"]
[Black "OlivierEvan"]
[Result "1/2-1/2"]
[ECO "E20"]
[WhiteElo "2454"]
[BlackElo "2405"]
[WhiteEngine "Cryptic AIL V1"]
[BlackEngine "Houdini 6"]
[EventType "Swiss"]
[WhiteTeam ""]
[BlackTeam ""]
[PlyCount "92"]
[TimeControl "720+1"]

1. d4 Nf6 2. c4 e6 3. Nc3 d5 4. Nf3 c6 5. Bg5 h6 6. Bh4 dxc4 7. e4 g5 8. Bg3 b5 
9. Be2 Bb7 10. O-O Nbd7 11. Ne5 Bg7 12. Nxd7 Nxd7 13. Bd6 a6 14. e5 c5 
15. d5 Nxe5 16. dxe6 Nd3 17. exf7+ Kxf7 18. Bxd3 cxd3 19. Qxd3 Qd7 20. Qg3 b4 
21. Nd1 Rac8 22. Ne3 Rhe8 23. Rad1 Qe6 24. h4 Bxb2 25. hxg5 hxg5 26. Qxg5 Qg6 
27. Qf4+ Kg8 28. f3 Bd4 29. Rxd4 cxd4 30. Ng4 Re2 31. Rd1 Bd5 32. Rxd4 Be6 
33. Re4 Rxe4 34. Nf6+ Kf7 35. Nxe4+ Kg8 36. Nf6+ Kf7 37. Ng4+ Kg8 38. Nf6+ Kf7 
39. Ne4+ Kg8 40. Bxb4 Bf5 41. Nf2 Be6 42. a3 Qb1+ 43. Kh2 Qh7+ 44. Kg1 Qb1+ 
45. Kh2 Qh7+ 46. Kg1 Qb1+ 1/2-1/2

[Event "Wednesday Jan 17th Engine Tour 9Rd Swiss 12m+1s Starts at 1600hrs ST"]
[Site "Infinity Chess"]
[Date "2018.1.17"]
[Round "7"]
[White "BraveDevil"]
[Black "angriff"]
[Result "1/2-1/2"]
[ECO "A40"]
[WhiteElo "2372"]
[BlackElo "2482"]
[WhiteEngine "Cryptic AIL V1"]
[BlackEngine "Raubfisch ME262_GTZ16b2_CTG"]
[EventType "Swiss"]
[WhiteTeam ""]
[BlackTeam ""]
[PlyCount "69"]
[TimeControl "720+1"]

1. d4 c6 2. e4 d5 3. Nd2 dxe4 4. Nxe4 Bf5 5. Ng3 Bg6 6. Nf3 e6 7. c3 Nf6 
8. Bd3 Bxd3 9. Qxd3 Nbd7 10. O-O Bd6 11. c4 O-O 12. b3 Qc7 13. Re1 c5 
14. Bb2 Rfd8 15. Rac1 cxd4 16. Nxd4 a6 17. Qe2 Qb6 18. Rcd1 Nf8 19. Nf3 Be7 
20. Bd4 Qc7 21. Qe3 Ng4 22. Qc3 Nf6 23. Qe3 Ng4 24. Qe2 Nf6 25. h3 Ng6 
26. Qe3 Qc6 27. Ne5 Nxe5 28. Qxe5 Rd7 29. Bc3 Rad8 30. Rxd7 Rxd7 31. Qb8+ Rd8 
32. Qe5 Rd7 33. Qb8+ Rd8 34. Qf4 Rd7 35. Qb8+ 1/2-1/2

[Event "Wednesday Jan 17th Engine Tour 9Rd Swiss 12m+1s Starts at 1600hrs ST"]
[Site "Infinity Chess"]
[Date "2018.1.17"]
[Round "7"]
[White "Satria_Ungu"]
[Black "ocirema"]
[Result "1/2-1/2"]
[ECO "E10"]
[WhiteElo "2365"]
[BlackElo "2422"]
[WhiteEngine "Houdini 6_CTG"]
[BlackEngine "stockfish_18011309_x64_modern_CTG"]
[EventType "Swiss"]
[WhiteTeam ""]
[BlackTeam ""]
[PlyCount "126"]
[TimeControl "720+1"]

1. d4 Nf6 2. c4 e6 3. Nf3 d5 4. Nc3 c6 5. Bg5 h6 6. Bxf6 Qxf6 7. e3 g6 
8. Be2 Nd7 9. O-O Qe7 10. a4 a5 11. Re1 Bg7 12. Qc2 O-O 13. Rac1 dxc4 
14. Bxc4 Rd8 15. h3 Nb6 16. b3 Bd7 17. e4 Qb4 18. Na2 Qa3 19. Bf1 e5 
20. Nxe5 Be6 21. Rb1 Rxd4 22. Nf3 Rdd8 23. Nc1 Nd7 24. Nd3 g5 25. e5 Bf5 
26. Rbd1 Qe7 27. Qc3 Re8 28. Qd2 Red8 29. Qe3 Re8 30. Qc1 Bh7 31. Re3 Rad8 
32. Qc3 Nc5 33. Nb2 Rxd1 34. Nxd1 b6 35. Nb2 Be4 36. Be2 Bxf3 37. Bxf3 Qc7 
38. Nc4 Nd7 39. Qc2 Nxe5 40. Nxe5 Rxe5 41. Qxc6 Qxc6 42. Bxc6 Rc5 43. Bb5 Rc1+ 
44. Kh2 Bd4 45. Rf3 Kf8 46. Kg3 Rc2 47. Bc4 f6 48. Rd3 Bc5 49. Rd7 Rxf2 
50. Kg4 Rxg2+ 51. Kf5 Rg3 52. Bb5 Rxh3 53. Kg6 g4 54. Rb7 g3 55. Rf7+ Kg8 
56. Rg7+ Kf8 57. Rf7+ Kg8 58. Rg7+ Kf8 59. b4 axb4 60. Rf7+ Kg8 61. Rg7+ Kf8 
62. Rf7+ Kg8 63. Rg7+ Kf8 1/2-1/2

[Event "Wednesday Jan 17th Engine Tour 9Rd Swiss 12m+1s Starts at 1600hrs ST"]
[Site "Infinity Chess"]
[Date "2018.1.17"]
[Round "7"]
[White "incredible"]
[Black "Cepri"]
[Result "1/2-1/2 "]
[ECO "D31"]
[WhiteElo "2447"]
[BlackElo "2442"]
[WhiteEngine "Stockfish_x64_bmi2"]
[BlackEngine "asmFishW_12J18Mb_CTG"]
[EventType "Swiss"]
[WhiteTeam ""]
[BlackTeam ""]
[PlyCount "147"]
[TimeControl "720+1"]

1. d4 d5 2. c4 e6 3. Nc3 c6 4. Nf3 Nf6 5. Bg5 h6 6. Bxf6 Qxf6 7. e3 g6 
8. Bd3 Nd7 9. e4 dxe4 10. Nxe4 Qg7 11. O-O Be7 12. c5 O-O 13. Qb3 e5 
14. Nxe5 Nxe5 15. dxe5 Qxe5 16. Rfe1 Bxc5 17. Nxc5 Qxc5 18. Bxg6 Be6 19. Qg3 Qg5 
20. Bc2 Qxg3 21. hxg3 c5 22. a3 Rac8 23. Rad1 c4 24. Re5 Rfd8 25. Kf1 Rxd1+ 
26. Bxd1 Rc6 27. Ke1 Rb6 28. Re2 Kf8 29. Rc2 Ke7 30. Kd2 Kd6 31. Kc1 Bd5 
32. g4 a5 33. Re2 Bxg2 34. f4 Bd5 35. Re5 Rc6 36. Rh5 Rc7 37. Rxh6+ Kc5 
38. g5 Re7 39. Kd2 b5 40. f5 b4 41. axb4+ axb4 42. Rh5 Be4 43. g6 fxg6 
44. fxg6+ Kd4 45. Rh4 c3+ 46. bxc3+ bxc3+ 47. Kc1 Ra7 48. Rxe4+ Kxe4 49. Bb3 Kd3 
50. Bc2+ Kd4 51. Bf5 Rb7 52. g7 Rxg7 53. Kc2 Rg1 54. Bh7 Rg2+ 55. Kc1 Rg7 
56. Bf5 Ke5 57. Bd3 Kd4 58. Bf5 Rg1+ 59. Kc2 Rg2+ 60. Kb1 Ke3 61. Kc1 Rd2 
62. Bb1 Kd4 63. Bc2 Ke3 64. Bf5 Rh2 65. Bg6 Rd2 66. Bf5 Re2 67. Bg6 Rh2 
68. Bf5 Re2 69. Bg6 Rg2 70. Bf5 Kd4 71. Bh7 Kc4 72. Be4 Rb2 73. Bc2 Kd4 74. Bf5 
1/2-1/2